 Dungeon Crawl Stone Soup version 0.31.0-32-g396128a36d (webtiles) character file.

Game seed: 16994387889168661433

253 Peloso the Covered (level 5, -1/47 HPs)
             Began as a Minotaur Fighter on Mar 30, 2024.
             Slain by a gnoll
             ... wielding a +0 club
             ... led by a gnoll bouda
              (4 damage)
             ... on level 4 of the Dungeon.
             The game lasted 00:04:47 (3412 turns).

Peloso the Covered (Minotaur Fighter)               Turns: 3412, Time: 00:04:50

Health: -1/47      AC: 10    Str: 20    XL:     5   Next: 90%
Magic:  4/4        EV:  8    Int:  5    God:
Gold:   164        SH:  5    Dex: 12    Spells: 4/4 levels left

rFire   . . .        a - +0 long sword
rCold   . . .        d - +0 buckler
rNeg    + . .        k - +0 chain mail
rPois   .            (helmet currently unavailable)
rElec   .            (cloak currently unavailable)
rCorr   .            (gloves currently unavailable)
SInv    .            c - melded +0 pair of boots
Will    .....        (no amulet) Stlth
                     l - ring of positive energy
HPRegen 0.27/turn    (no ring)
MPRegen 0.09/turn

%: no passive effects
@: beast-form, attractive
A: beast (slay +0), horns 2, retaliatory headbutt
a: Begin Untransformation


You were on level 4 of the Dungeon.
You were a hulking beast.
You visited 1 branch of the dungeon, and saw 5 of its levels.

You collected 164 gold pieces.

Inventory:

Hand Weapons
 a - a +0 long sword (weapon)
Armour
 b - a +0 scale mail
 c - a +0 pair of boots (melded)
 d - a +0 buckler (worn)
 k - a +0 chain mail (worn)
Jewellery
 l - a ring of positive energy (left hand)
 p - a ring of fire
 r - a +6 ring of intelligence
Talismans
 h - a beast talisman (active)
 i - a blade talisman
 n - a maw talisman
Wands
 e - a wand of iceblast (9)
Scrolls
 f - a scroll of revelation {unknown}
 j - 3 scrolls of poison
 m - a scroll of fear
 q - a scroll of silence {unknown}
 w - a scroll of enchant armour {unknown}
Potions
 g - a potion of might
 o - a potion of attraction
 s - a potion of heal wounds {unknown}
 t - a potion of haste {unknown}
 u - a potion of invisibility {unknown}
 v - a potion of mutation {unknown}


   Skills:
 + Level 4.3 Fighting
 + Level 4.0 Long Blades
 + Level 5.9 Armour
 + Level 2.1 Dodging
 + Level 4.1 Shields


You had 4 spell levels left.
You didn't know any spells.
Your spell library contained the following spells:

 Spells                   Type           Power      Damage    Failure   Level
 Ozocubu's Armour         Ice            0%         N/A       100%        3
 Stone Arrow              Conj/Erth      0%         3d7       100%        3
 Animate Armour           Summ/Erth      0%         N/A       100%        4
 Metabolic Englaciation   Hex/Ice        0%         N/A       100%        5
 Sculpt Simulacrum        Ice/Alch       0%         N/A       100%        6
 Lehudib's Crystal Spear  Conj/Erth      0%         10d2      100%        8


Dungeon Overview and Level Annotations

Branches:
Dungeon (5/15)
 Temple: D:4-7

Altars:
Cheibriados
Elyvilon
Gozag
Uskayaw
Wu Jian


Innate Abilities, Weirdness & Mutations

You are a hulking beast.
Your limbs bulge with bestial killing power. (Slay +0)
You have a pair of horns on your head.
You reflexively headbutt those who attack you in melee.


Message History

The gnoll barely misses you.
The gnoll hits you from afar with a +0 spear.
The gnoll barely misses you. You furiously retaliate!
You headbutt the gnoll!
The gnoll bouda hits you with a +0 club.
The gnoll hits you from afar with a +0 spear.
The gnoll attacks as it pursues you! You block the gnoll's attack.
The gnoll hits you but does no damage. The gnoll attacks as it pursues you!
The gnoll hits you but does no damage.
The gnoll hits you from afar with a +0 spear.
The gnoll attacks as it pursues you! The gnoll misses you.
There is a stone staircase leading up, spattered with blood here.
The gnoll hits you but does no damage. The gnoll closely misses you.
The gnoll hits you but does no damage.
The gnoll hits you from afar with a +0 spear.
The gnoll hits you but does no damage. You block the gnoll bouda's attack.
You climb upwards.
There is a stone staircase leading down here.
Unknown command.
You closely miss the gnoll. Your headbutt misses the gnoll.
The gnoll is heavily wounded.
The gnoll closely misses you. The gnoll hits you with a +0 club.
The gnoll bouda hits you but does no damage.
You closely miss the gnoll.
The gnoll is heavily wounded.
The gnoll hits you with a +0 flail.
* * * LOW HITPOINT WARNING * * *
The gnoll hits you with a +0 club.
* * * LOW HITPOINT WARNING * * *
The gnoll bouda closely misses you. The gnoll hits you with a +0 flail.
* * * LOW HITPOINT WARNING * * *
The gnoll hits you with a +0 club.
* * * LOW HITPOINT WARNING * * *
It was a potion of attraction.
You feel attractive to monsters. The gnoll bouda closely misses you.
You furiously retaliate!
You headbutt the gnoll bouda! The gnoll barely misses you.
You furiously retaliate!
You headbutt the gnoll!
You kill the gnoll!
The gnoll hits you with a +0 club.
You die...

..<..........................# #.
.........................#######.
##########....#.########.#.......
###..(.#..## #.#.#####. ####
#......##..# #.#.#####. ...#
#......###.## #.#....... ##.##
#..#.#.####.# #.#######.
##..###........#g## #.###.###.
.........#.#.#.gh#######.##.....[
####.##......#.#)##.......#..####
..##.....#....##.##.####..#..#
...#.##..##....(.##.# ##..#..#
...#.##....<.....##.# #...#..#
.....##..######.###.#####.#..#
...#.##..# #.# #.....#.#..####
...#.##..# #.# #####.#.......#
..##....## #.# #.#.#######


You could see a gnoll bouda and a gnoll (swift).

Vanquished Creatures
  A bombardier beetle (D:5)
  A jelly (D:5)
  Natasha (D:4)
  An iguana (D:5)
  2 gnolls
  9 adders
  3 dart slugs
  3 endoplasms (D:3)
  A giant cockroach (D:3)
  A goblin (D:1)
  3 hobgoblins
  2 jackals (D:1)
  5 quokkas
  6 ball pythons
  4 bats
  A frilled lizard (D:1)
  5 kobolds
  3 rats
52 creatures vanquished.

Notes
Turn   | Place    | Note
-------+----------+-------------------------------------------
     0 | D:1      | Peloso the Minotaur Fighter began the quest for the Orb.
     0 | D:1      | Reached XP level 1. HP: 19/19 MP: 0/0
   106 | D:1      | Reached XP level 2. HP: 12/27 MP: 1/1
   191 | D:1      | Reached skill level 4 in Armour
   876 | D:2      | Reached XP level 3. HP: 27/33 MP: 2/2
   945 | D:2      | Found a faded altar of an unknown god.
  1042 | D:2      | Reached XP level 4. HP: 40/40 MP: 3/3
  1217 | D:2      | Reached skill level 1 in Dodging
  1389 | D:2      | Found an opulent altar of Gozag.
  2056 | D:4      | Found an ornate altar of the Wu Jian Council.
  2514 | D:4      | Reached skill level 5 in Armour
  2515 | D:4      | Noticed Natasha
  2518 | D:4      | Killed Natasha
  2519 | D:4      | Reached XP level 5. HP: 43/47 MP: 4/4
  2814 | D:5      | Entered Level 5 of the Dungeon
  2964 | D:5      | Found a white marble altar of Elyvilon.
  3008 | D:5      | Found a hide-covered altar of Uskayaw.
  3322 | D:5      | Found a snail-covered altar of Cheibriados.
  3412 | D:4      | Slain by a gnoll

Illustrated notes

Levels and vault maps discovered:
D:1:      dpeg_arrival_snail, layout_loops_ring, serial_glass, glass_columns_a,
          glass_columns_a
D:2:      layout_basic, shapermc_ecumenical_altar_mp_ritualfount, basic_altar,
          st_stairs_11
D:3:      layout_rooms
D:4:      layout_loops_ring, old_standard_altar, serial_co_window_serial,
          co_window_of_opportunity_a, co_window_paths_a, co_window_paths_a,
          co_window_of_opportunity_a, co_window_corner_a, co_window_corner_cb,
          co_window_of_opportunity_b, co_window_2corner, co_window_broadway_b,
          co_window_of_opportunity_c, co_window_2corner, glass_columns_c,
          glass_columns_a, glass_columns_a, uniq_natasha
D:5:      layout_layer_cave, slow_altar_1, nicolae_elyvilon_temple_path,
          kennysheep_little_box, kennysheep_generic_room_6

Skill      XL: |  1  2  3  4  5 |
---------------+----------------+-----
Armour         | 4 5 |  5.9
Fighting       | 4 |  4.3
Long Blades    | 3 4 |  4.0
Shields        | 4 |  4.1
Dodging        | 1 2 |  2.1

Action                     |  1- 3 |  4- 6 || total
---------------------------+-------+-------++-------
  Melee: Long sword        |    74 |    68 ||   142
         Headbutt          |     6 |    14 ||    20
    Use: Scroll            |     1 |     3 ||     4
         Potion            |     1 |     1 ||     2
 Armour: Scale mail        |    77 |    13 ||    90
         Chain mail        |       |    53 ||    53
  Dodge: Dodged            |    42 |    38 ||    80
  Block: Buckler           |    27 |    19 ||    46
   Form: Beast             |       |     1 ||     1
